% Time on Ice - SASKATOON DUCKS
Lines # - Real PCT - Wanted PCT - Time Play
Normal Forward
1 - 37% - 36% - 20:04
2 - 30% - 31% - 16:17
3 - 22% - 23% - 11:48
4 - 12% - 10% - 6:27
Normal Defense
1 - 40% - 40% - 21:57
2 - 34% - 36% - 18:34
3 - 26% - 24% - 14:05
4 - 0% - 0% - 0:00
PP Forward
1 - 0% - 55% - 0:00
2 - 100% - 45% - 0:36
PP Defense
1 - 100% - 55% - 0:36
2 - 0% - 45% - 0:00
PK Forward
1 - 56% - 55% - 2:42
2 - 44% - 45% - 2:06
PK Defense
1 - 60% - 55% - 2:53
2 - 40% - 45% - 1:55
PK3 Forward
1 - 0% - 55%
2 - 0% - 45%
PK3 Defense
1 - 0% - 55%
2 - 0% - 45%
44 Forward
1 - 0% - 55%
2 - 0% - 45%
44 Defense
1 - 0% - 55%
2 - 0% - 45%
Last Minute Offensive  - 0:00
Last Minute Defensive  - 0:00
Total
Forward - 60:00
Defense - 60:00
% Time on Ice - VICTORIA GLADIATORS
Lines # - Real PCT - Wanted PCT - Time Play
Normal Forward
1 - 35% - 36% - 19:13
2 - 32% - 32% - 17:30
3 - 23% - 24% - 12:20
4 - 10% - 8% - 5:33
Normal Defense
1 - 39% - 40% - 21:04
2 - 35% - 35% - 19:04
3 - 26% - 25% - 14:28
4 - 0% - 0% - 0:00
PP Forward
1 - 57% - 52% - 2:43
2 - 43% - 48% - 2:05
PP Defense
1 - 53% - 52% - 2:34
2 - 47% - 48% - 2:14
PK Forward
1 - 100% - 55% - 0:36
2 - 0% - 45% - 0:00
PK Defense
1 - 0% - 55% - 0:00
2 - 100% - 45% - 0:36
PK3 Forward
1 - 0% - 55%
2 - 0% - 45%
PK3 Defense
1 - 0% - 55%
2 - 0% - 45%
44 Forward
1 - 0% - 55%
2 - 0% - 45%
44 Defense
1 - 0% - 55%
2 - 0% - 45%
Last Minute Offensive  - 0:00
Last Minute Defensive  - 0:00
Total
Forward - 60:00
Defense - 60:00
Play-by-Play 1st period 0:01 of 1st period - Anze Kopitar wins face-off versus Sidney Crosby in neutral zone. 0:08 of 1st period - Shot by Anze Kopitar. 0:08 of 1st period - Shot Blocked by Sidney Crosby. 0:11 of 1st period - Icing by Samuel Girard. 0:12 of 1st period - Mikael Backlund wins face-off versus Sidney Crosby in SASKATOON DUCKS zone. 0:56 of 1st period - Shot by Anthony Duclair. 0:56 of 1st period - Shot Blocked by Mikael Backlund. 1:28 of 1st period - Shot by Jakub Vrana. 1:28 of 1st period - Shot Misses the Net. 1:56 of 1st period - Shot by Nils Hoglander. 1:56 of 1st period - Shot Misses the Net. 1:58 of 1st period - Shot by Colton Parayko. 1:58 of 1st period - Shot Blocked by Andrej Sekera. 2:42 of 1st period - Anze Kopitar is hit by Andrej Sekera and loses puck. 2:45 of 1st period - Shot by Blake Wheeler. 2:45 of 1st period - Stopped by Brian Elliott without a rebound. 2:46 of 1st period - Derick Brassard wins face-off versus Derek Grant in SASKATOON DUCKS zone. 3:19 of 1st period - Shot by Derick Brassard. 3:19 of 1st period - Shot Hit the Post. 3:20 of 1st period - Minor Penalty to Kailer Yamamoto for Hooking. 3:21 of 1st period - Blake Comeau wins face-off versus Anze Kopitar in SASKATOON DUCKS zone. 4:01 of 1st period - Icing by Drew Doughty. 4:02 of 1st period - Ryan Strome wins face-off versus Anze Kopitar in VICTORIA GLADIATORS zone. 4:41 of 1st period - Shot by Mikael Backlund. 4:41 of 1st period - Shot Misses the Net. 4:43 of 1st period - Shot by Nils Hoglander. 4:43 of 1st period - Stopped by Brian Elliott without a rebound. 4:44 of 1st period - Warren Foegele wins face-off versus Mikael Backlund in SASKATOON DUCKS zone. 5:25 of 1st period - Shot by Josh Leivo. 5:25 of 1st period - Stopped by Brian Elliott without a rebound. 5:26 of 1st period - Anze Kopitar wins face-off versus Sidney Crosby in SASKATOON DUCKS zone. 5:35 of 1st period - Shot by Anthony Duclair. 5:35 of 1st period - Stopped by Anton Khudobin without a rebound. 5:36 of 1st period - Anze Kopitar wins face-off versus Valtteri Filppula in VICTORIA GLADIATORS zone. 5:52 of 1st period - Shot by Blake Wheeler. 5:52 of 1st period - Deflect By Anze Kopitar. 5:52 of 1st period - Stopped by Brian Elliott without a rebound. 5:53 of 1st period - Sidney Crosby wins face-off versus Conor Garland in SASKATOON DUCKS zone. 6:18 of 1st period - Shot by William Nylander. 6:18 of 1st period - Shot Misses the Net. 6:20 of 1st period - Shot by Sidney Crosby. 6:20 of 1st period - Shot Blocked by Colton Parayko. 6:22 of 1st period - Shot by Anthony Duclair. 6:22 of 1st period - Stopped by Anton Khudobin without a rebound. 6:23 of 1st period - Anze Kopitar wins face-off versus Derick Brassard in VICTORIA GLADIATORS zone. 6:27 of 1st period - Off-side. 6:28 of 1st period - Derick Brassard wins face-off versus Blake Wheeler in neutral zone. 6:31 of 1st period - Shot by Alex Goligoski. 6:31 of 1st period - Shot Misses the Net. 6:44 of 1st period - Minor Penalty to Samuel Girard for Hooking. 6:45 of 1st period - Mikael Backlund wins face-off versus Ryan Strome in SASKATOON DUCKS zone. 6:58 of 1st period - Shot by Kyle Connor. 6:58 of 1st period - Stopped by Brian Elliott without a rebound. 6:59 of 1st period - Ryan Strome wins face-off versus Anze Kopitar in SASKATOON DUCKS zone. 7:32 of 1st period - Shot by Anze Kopitar. 7:32 of 1st period - Shot Misses the Net. 7:38 of 1st period - Shot by Blake Wheeler. 7:38 of 1st period - Goal by Blake Wheeler - SASKATOON DUCKS : 0 - VICTORIA GLADIATORS : 1. 7:39 of 1st period - Derick Brassard wins face-off versus Jared McCann in neutral zone. 7:42 of 1st period - Reyley Smith is hit by Warren Foegele and loses puck. 7:54 of 1st period - Kailer Yamamoto is hit by Justin Holl and loses puck. 8:24 of 1st period - Icing by Brady Skjei. 8:25 of 1st period - Ryan Strome wins face-off versus Jared McCann in VICTORIA GLADIATORS zone. 9:06 of 1st period - Shot by Jakub Vrana. 9:06 of 1st period - Stopped by Anton Khudobin without a rebound. 9:07 of 1st period - Sidney Crosby wins face-off versus Anze Kopitar in VICTORIA GLADIATORS zone. 9:09 of 1st period - William Nylander is hit by Colton Parayko and loses puck. 9:37 of 1st period - Shot by Sidney Crosby. 9:37 of 1st period - Stopped by Anton Khudobin without a rebound. 9:38 of 1st period - Mikael Backlund wins face-off versus Blake Comeau in VICTORIA GLADIATORS zone. 9:51 of 1st period - Andrej Sekera is hit by Conor Garland and loses puck. 9:56 of 1st period - Shot by Kyle Connor. 9:56 of 1st period - Shot Misses the Net. 9:58 of 1st period - Shot by Mikael Backlund. 9:58 of 1st period - Shot Misses the Net. 10:02 of 1st period - Shot by Mikael Backlund. 10:02 of 1st period - Shot Misses the Net. 10:04 of 1st period - Shot by Mikael Backlund. 10:04 of 1st period - Shot Misses the Net. 10:06 of 1st period - Shot by Mikael Backlund. 10:06 of 1st period - Goal by Mikael Backlund - SASKATOON DUCKS : 0 - VICTORIA GLADIATORS : 2. 10:07 of 1st period - Sidney Crosby wins face-off versus Anze Kopitar in neutral zone. 10:10 of 1st period - Shot by Anthony Duclair. 10:10 of 1st period - Shot Misses the Net. 10:12 of 1st period - Shot by Alex Goligoski. 10:12 of 1st period - Shot Misses the Net. 10:22 of 1st period - Shot by Drew Doughty. 10:22 of 1st period - Shot Misses the Net. 12:08 of 1st period - Off-side. 12:09 of 1st period - Jared McCann wins face-off versus Valtteri Filppula in neutral zone. 12:47 of 1st period - Off-side. 12:48 of 1st period - Derek Grant wins face-off versus Sidney Crosby in neutral zone. 13:13 of 1st period - Shot by Derek Grant. 13:13 of 1st period - Stopped by Brian Elliott with a rebound. 13:15 of 1st period - Shot by Derek Grant. 13:15 of 1st period - Stopped by Brian Elliott without a rebound. 13:16 of 1st period - Anze Kopitar wins face-off versus Derick Brassard in SASKATOON DUCKS zone. 13:34 of 1st period - Icing by Andrej Sekera. 13:35 of 1st period - Mikael Backlund wins face-off versus Derick Brassard in SASKATOON DUCKS zone. 13:44 of 1st period - Shot by Kyle Connor. 13:44 of 1st period - Stopped by Brian Elliott without a rebound. 13:45 of 1st period - James van Riemsdyk wins face-off versus Sidney Crosby in SASKATOON DUCKS zone. 13:48 of 1st period - Shot by Anze Kopitar. 13:48 of 1st period - Stopped by Brian Elliott without a rebound. 13:49 of 1st period - Anze Kopitar wins face-off versus Ryan Strome in SASKATOON DUCKS zone. 14:23 of 1st period - Shot by Anze Kopitar. 14:23 of 1st period - Deflect By James van Riemsdyk. 14:23 of 1st period - Stopped by Brian Elliott without a rebound. 14:24 of 1st period - Sidney Crosby wins face-off versus Mikael Backlund in SASKATOON DUCKS zone. 14:42 of 1st period - Icing by Brady Skjei. 14:43 of 1st period - Derick Brassard wins face-off versus Mikael Backlund in VICTORIA GLADIATORS zone. 15:00 of 1st period - Shot by Conor Garland. 15:00 of 1st period - Stopped by Brian Elliott without a rebound. 15:01 of 1st period - Blake Wheeler wins face-off versus Sidney Crosby in SASKATOON DUCKS zone. 15:37 of 1st period - Minor Penalty to Alex Goligoski for Hooking. 15:38 of 1st period - Warren Foegele wins face-off versus Nils Hoglander in SASKATOON DUCKS zone. 16:40 of 1st period - Shot by Anze Kopitar. 16:40 of 1st period - Stopped by Brian Elliott without a rebound. 16:41 of 1st period - Anze Kopitar wins face-off versus Warren Foegele in SASKATOON DUCKS zone. 16:54 of 1st period - Shot by James van Riemsdyk. 16:54 of 1st period - Deflect By Blake Wheeler. 16:54 of 1st period - Goal by Blake Wheeler - SASKATOON DUCKS : 0 - VICTORIA GLADIATORS : 3. 16:55 of 1st period - Derek Grant wins face-off versus Jakub Vrana in neutral zone. 17:07 of 1st period - Artemi Panarin is hit by Josh Leivo and loses puck. 18:07 of 1st period - Shot by Kailer Yamamoto. 18:07 of 1st period - Stopped by Anton Khudobin without a rebound. 18:08 of 1st period - Mikael Backlund wins face-off versus Sidney Crosby in VICTORIA GLADIATORS zone. 18:16 of 1st period - Off-side. 18:17 of 1st period - Anze Kopitar wins face-off versus Sidney Crosby in neutral zone. 18:58 of 1st period - Icing by Anthony Duclair. 18:59 of 1st period - Sidney Crosby wins face-off versus Kyle Connor in SASKATOON DUCKS zone. 19:01 of 1st period - Icing by Anthony Duclair. 19:02 of 1st period - Sidney Crosby wins face-off versus Conor Garland in SASKATOON DUCKS zone. Goals for this period are 0 for SASKATOON DUCKS vs 3 for VICTORIA GLADIATORS. Shots for this period are 5 for SASKATOON DUCKS vs 15 for VICTORIA GLADIATORS. 2nd period 0:01 of 2nd period - Ryan Strome wins face-off versus Jared McCann in neutral zone. 0:08 of 2nd period - Shot by Ryan Strome. 0:08 of 2nd period - Shot Misses the Net. 1:31 of 2nd period - Icing by Victor Mete. 1:32 of 2nd period - Anze Kopitar wins face-off versus Sidney Crosby in VICTORIA GLADIATORS zone. 1:37 of 2nd period - Anthony Duclair is hit by James van Riemsdyk and loses puck. 1:49 of 2nd period - Shot by Sidney Crosby. 1:49 of 2nd period - Shot Hit the Post. 1:53 of 2nd period - Shot by Sidney Crosby. 1:53 of 2nd period - Shot Misses the Net. 2:52 of 2nd period - Shot by Samuel Girard. 2:52 of 2nd period - Stopped by Anton Khudobin without a rebound. 2:53 of 2nd period - Mikael Backlund wins face-off versus Ryan Strome in VICTORIA GLADIATORS zone. 3:26 of 2nd period - Shot by Artemi Panarin. 3:26 of 2nd period - Shot Blocked by Brady Skjei. 3:28 of 2nd period - Shot by Nikita Zadorov. 3:28 of 2nd period - Shot Hit the Post. 3:30 of 2nd period - Shot by Artemi Panarin. 3:30 of 2nd period - Shot Misses the Net. 3:32 of 2nd period - Shot by Zach Bogosian. 3:32 of 2nd period - Shot Misses the Net. 3:34 of 2nd period - Shot by Jakub Vrana. 3:34 of 2nd perio